2406 views
Uploaded 2021-08-04 14:11:08
Game version 1.32.10
35:18 long 1on1 ladder game on (2)Amazonia
Saved by aom
2406 views
Uploaded 2021-08-04 14:11:08
Game version 1.32.10
35:18 long 1on1 ladder game on (2)Amazonia

59 units @ 10.5k
/ 1.7k
15 buildings @ 2.4k
/ 0.9k



| Rod of Necromancy | 6 | 900 |
| Ritual Dagger | 2 | 250 |
| Potion of Mana | 4 | 800 |
| Potion of Healing | 2 | 300 |
| Orb of Corruption | 1 | 375 |
| Scroll of Town Portal | 5 | 1750 |
| Potion of Lesser Invulnerability | 2 | 300 |
| total: | 22 | 4675g |
| Acolyte | 14 | 1050 | / | 0 |
| Ghoul | 4 | 480 | / | 0 |
| Crypt Fiend | 24 | 5160 | / | 960 |
| Obsidian Statue | 7 | 1400 | / | 245 |
| Gargoyle | 1 | 175 | / | 30 |
| Abomination | 7 | 1680 | / | 490 |
| Ogre Mauler | 2 | 600 | / | 0 |
| total: | 59 | 10545g | / | 1725w |
| Spirit Tower | 1 | 145 | / | 40 |
| Nerubian Tower | 1 | 100 | / | 20 |
| Altar of Darkness | 1 | 180 | / | 50 |
| Ziggurat | 7 | 1050 | / | 350 |
| Crypt | 1 | 200 | / | 50 |
| Graveyard | 1 | 215 | / | 0 |
| Tomb of Relics | 1 | 130 | / | 30 |
| Necropolis | 1 | 225 | / | 0 |
| Slaughterhouse | 3 | 420 | / | 405 |
| Halls of the Dead | 1 | 320 | / | 210 |
| Black Citadel | 1 | 325 | / | 230 |
| total: | 15 | 2420g | / | 885w |
| 0:05 | Acolyte |
| 0:05 | Acolyte |
| 0:09 | Altar of Darkness |
| 0:10 | Ziggurat |
| 0:40 | Crypt |
| 0:44 | Acolyte |
| 1:04 | Graveyard |
| 1:19 | Ziggurat |
| 1:42 | Ghoul |
| 1:45 | Acolyte |
| 1:59 | Ghoul |
| 2:03 | Tomb of Relics |
| 2:19 | Ghoul |
| 2:24 | Black Arrow |
| 2:41 | Crypt Fiend |
| 2:59 | Crypt Fiend |
| 3:19 | Rod of Necromancy |
| 3:40 | Ziggurat |
| 3:47 | Crypt Fiend |
| 4:34 | Crypt Fiend |
| 4:50 | Silence |
| 5:05 | Halls of the Dead |
| 5:07 | Crypt Fiend |
| 5:26 | Ziggurat |
| 5:32 | Crypt Fiend |
| 5:57 | Crypt Fiend |
| 6:01 | Ziggurat |
| 6:16 | Crypt Fiend |
| 6:39 | Black Arrow |
| 6:48 | Ghoul |
| 7:23 | Scroll of Town Portal |
| 7:23 | Potion of Lesser Invulnerability |
| 7:47 | Howl of Terror |
| 7:53 | Slaughterhouse |
| 8:11 | Ogre Mauler |
| 8:27 | Ziggurat |
| 8:50 | Slaughterhouse |
| 8:59 | Black Citadel |
| 9:17 | Silence |
| 9:22 | Obsidian Statue |
| 9:30 | Cleaving Attack |
| 9:32 | Rod of Necromancy |
| 9:50 | Slaughterhouse |
| 10:31 | Spirit Tower |
| 10:33 | Nerubian Tower |
| 10:36 | Ogre Mauler |
| 11:11 | Obsidian Statue |
| 11:13 | Gargoyle |
| 11:39 | Scroll of Town Portal |
| 12:41 | Rain of Fire |
| 13:01 | Crypt Fiend |
| 13:29 | Necropolis |
| 13:33 | Abomination |
| 13:58 | Black Arrow |
| 14:12 | Crypt Fiend |
| 14:14 | Ziggurat |
| 14:54 | Rain of Fire |
| 15:04 | Crypt Fiend |
| 15:05 | Abomination |
| 15:31 | Obsidian Statue |
| 15:53 | Crypt Fiend |
| 16:25 | Crypt Fiend |
| 16:54 | Crypt Fiend |
| 17:22 | Acolyte |
| 17:23 | Acolyte |
| 18:05 | Crypt Fiend |
| 18:22 | Rod of Necromancy |
| 18:23 | Scroll of Town Portal |
| 18:35 | Ritual Dagger |
| 18:49 | Potion of Mana |
| 19:00 | Acolyte |
| 19:00 | Acolyte |
| 19:12 | Rain of Fire |
| 19:29 | Web |
| 19:47 | Acolyte |
| 19:47 | Acolyte |
| 20:06 | Acolyte |
| 20:16 | Obsidian Statue |
| 20:46 | Charm |
| 21:23 | Crypt Fiend |
| 21:24 | Abomination |
| 22:30 | Obsidian Statue |
| 22:32 | Crypt Fiend |
| 23:31 | Crypt Fiend |
| 23:33 | Obsidian Statue |
| 23:36 | Ritual Dagger |
| 23:47 | Rod of Necromancy |
| 23:48 | Potion of Healing |
| 23:49 | Potion of Mana |
| 23:49 | Scroll of Town Portal |
| 24:03 | Orb of Corruption |
| 24:46 | Crypt Fiend |
| 24:47 | Abomination |
| 25:13 | Acolyte |
| 25:13 | Acolyte |
| 26:02 | Frost Arrows |
| 26:41 | Crypt Fiend |
| 26:43 | Obsidian Statue |
| 27:39 | Crypt Fiend |
| 27:39 | Abomination |
| 27:46 | Rod of Necromancy |
| 28:13 | Scroll of Town Portal |
| 28:28 | Potion of Mana |
| 28:43 | Potion of Lesser Invulnerability |
| 29:08 | Abomination |
| 29:28 | Crypt Fiend |
| 30:06 | Crypt Fiend |
| 30:59 | Crypt Fiend |
| 31:00 | Abomination |
| 31:10 | Rod of Necromancy |
| 31:32 | Potion of Healing |
| 32:49 | Acolyte |
| 34:18 | Doom |
| 34:30 | Potion of Mana |
| Right click | 468 |
| Select | 400 |
| Select group | 357 |
| Misc. action | 191 |
| Build/train/purchase | 174 |
| Assign group | 76 |
| Use ability | 45 |
| Item give/drop | 9 |
| Remove unit | 1 |
72 units @ 12.2k
/ 1.9k
16 buildings @ 2.5k
/ 0.8k



| Rod of Necromancy | 2 | 300 |
| Orb of Corruption | 1 | 375 |
| Ritual Dagger | 1 | 125 |
| Potion of Healing | 2 | 300 |
| Scroll of Healing | 1 | 250 |
| Potion of Lesser Invulnerability | 1 | 150 |
| Scroll of Protection | 1 | 150 |
| total: | 9 | 1650g |
| Acolyte | 19 | 1425 | / | 0 |
| Ghoul | 7 | 840 | / | 0 |
| Crypt Fiend | 19 | 4085 | / | 760 |
| Obsidian Statue | 13 | 2600 | / | 455 |
| Abomination | 7 | 1680 | / | 490 |
| Gargoyle | 1 | 175 | / | 30 |
| Meat Wagon | 1 | 230 | / | 50 |
| Goblin Shredder | 1 | 375 | / | 100 |
| Forest Troll Shadow Priest | 2 | 390 | / | 20 |
| Forest Troll Berserker | 1 | 245 | / | 30 |
| Mud Golem | 1 | 145 | / | 10 |
| total: | 72 | 12190g | / | 1945w |
| Nerubian Tower | 2 | 200 | / | 40 |
| Spirit Tower | 1 | 145 | / | 40 |
| Altar of Darkness | 1 | 180 | / | 50 |
| Ziggurat | 7 | 1050 | / | 350 |
| Crypt | 1 | 200 | / | 50 |
| Tomb of Relics | 3 | 390 | / | 90 |
| Graveyard | 1 | 215 | / | 0 |
| Necropolis | 1 | 225 | / | 0 |
| Slaughterhouse | 1 | 140 | / | 135 |
| Sacrificial Pit | 1 | 75 | / | 150 |
| Halls of the Dead | 1 | 320 | / | 210 |
| Black Citadel | 1 | 325 | / | 230 |
| total: | 16 | 2475g | / | 825w |
| 0:04 | Acolyte |
| 0:05 | Altar of Darkness |
| 0:06 | Ziggurat |
| 0:09 | Acolyte |
| 0:32 | Crypt |
| 0:49 | Tomb of Relics |
| 1:14 | Ziggurat |
| 1:33 | Ghoul |
| 1:33 | Ghoul |
| 1:47 | Ghoul |
| 2:03 | Rod of Necromancy |
| 2:05 | Sleep |
| 2:31 | Graveyard |
| 2:53 | Halls of the Dead |
| 3:34 | Ziggurat |
| 3:36 | Ghoul |
| 3:38 | Ghoul |
| 3:38 | Cannibalize |
| 3:50 | Vampiric Aura |
| 4:20 | Unholy Armor |
| 4:42 | Vampiric Aura |
| 5:02 | Crypt Fiend |
| 5:37 | Slaughterhouse |
| 6:27 | Impale |
| 7:10 | Black Citadel |
| 7:12 | Ghoul |
| 7:12 | Ghoul |
| 8:14 | Forest Troll Shadow Priest |
| 8:14 | Forest Troll Berserker |
| 8:21 | Carrion Swarm |
| 8:22 | Spiked Carapace |
| 8:31 | Ziggurat |
| 8:36 | Unholy Strength |
| 9:10 | Creature Attack |
| 9:43 | Acolyte |
| 9:51 | Ghoul Frenzy |
| 9:52 | Web |
| 9:53 | Burrow |
| 9:53 | Crypt Fiend |
| 10:04 | Necropolis |
| 10:11 | Forest Troll Shadow Priest |
| 10:12 | Mud Golem |
| 10:43 | Potion of Lesser Invulnerability |
| 10:43 | Scroll of Protection |
| 10:45 | Scroll of Healing |
| 10:49 | Goblin Shredder |
| 11:52 | Obsidian Statue |
| 12:47 | Death Coil |
| 13:20 | Crypt Fiend |
| 13:23 | Abomination |
| 13:24 | Destroyer Form |
| 13:29 | Acolyte |
| 13:29 | Acolyte |
| 13:45 | Acolyte |
| 13:58 | Crypt Fiend |
| 14:02 | Acolyte |
| 14:18 | Ziggurat |
| 14:23 | Tomb of Relics |
| 15:04 | Abomination |
| 15:05 | Crypt Fiend |
| 15:08 | Impale |
| 15:19 | Nerubian Tower |
| 15:24 | Acolyte |
| 15:24 | Acolyte |
| 15:59 | Abomination |
| 16:00 | Crypt Fiend |
| 16:24 | Crypt Fiend |
| 16:24 | Abomination |
| 17:11 | Acolyte |
| 17:11 | Acolyte |
| 17:12 | Acolyte |
| 17:16 | Obsidian Statue |
| 17:18 | Crypt Fiend |
| 17:23 | Orb of Corruption |
| 17:23 | Rod of Necromancy |
| 17:58 | Unholy Aura |
| 18:01 | Vampiric Aura |
| 18:17 | Acolyte |
| 18:18 | Acolyte |
| 18:18 | Acolyte |
| 18:20 | Ziggurat |
| 18:21 | Tomb of Relics |
| 18:31 | Gargoyle |
| 19:49 | Obsidian Statue |
| 19:50 | Crypt Fiend |
| 19:50 | Crypt Fiend |
| 19:57 | Nerubian Tower |
| 19:58 | Ziggurat |
| 20:03 | Sacrificial Pit |
| 20:28 | Ritual Dagger |
| 21:25 | Potion of Healing |
| 21:28 | Spirit Tower |
| 21:33 | Spiked Carapace |
| 21:46 | Obsidian Statue |
| 21:47 | Abomination |
| 21:48 | Crypt Fiend |
| 22:09 | Death Coil |
| 22:58 | Obsidian Statue |
| 23:00 | Crypt Fiend |
| 23:19 | Obsidian Statue |
| 23:32 | Acolyte |
| 24:18 | Inferno |
| 25:09 | Obsidian Statue |
| 25:12 | Crypt Fiend |
| 25:36 | Obsidian Statue |
| 25:54 | Crypt Fiend |
| 26:05 | Acolyte |
| 27:03 | Crypt Fiend |
| 27:24 | Unholy Aura |
| 27:26 | Potion of Healing |
| 27:45 | Impale |
| 27:51 | Obsidian Statue |
| 28:21 | Obsidian Statue |
| 29:22 | Acolyte |
| 29:26 | Abomination |
| 29:27 | Crypt Fiend |
| 29:29 | Abomination |
| 31:04 | Meat Wagon |
| 31:05 | Crypt Fiend |
| 31:08 | Creature Carapace |
| 31:12 | Acolyte |
| 32:26 | Obsidian Statue |
| 32:28 | Crypt Fiend |
| 32:30 | Obsidian Statue |
| 32:52 | Improved Creature Attack |
| 32:57 | Obsidian Statue |
| 33:03 | Crypt Fiend |
| 33:45 | Death Coil |
| 34:12 | Carrion Swarm |
| 34:48 | Locust Swarm |
| Select group | 2215 |
| Right click | 1176 |
| Select | 872 |
| Misc. action | 336 |
| Build/train/purchase | 177 |
| Use ability | 90 |
| Assign group | 73 |
| Chat | 11 |
| Item give/drop | 5 |
| Remove unit | 1 |
| Minimap ping | 1 |
⇛